 Dungeon Crawl Stone Soup version 0.31.0-11-ge490571c62 (webtiles) character file.

Game seed: 6732259831291018972

59 qw the Shooter (level 3, -1/20 HPs)
             Began as a Deep Elf Hunter on Feb 4, 2024.
             Slain by Natasha (3 damage)
             ... on level 3 of the Dungeon.
             The game lasted 00:00:05 (1880 turns).

qw the Shooter (Deep Elf Hunter)                    Turns: 1880, Time: 00:00:06

Health: -1/20      AC:  6    Str: 10    XL:     3   Next: 78%
Magic:  5/5        EV: 20    Int: 13    God:
Gold:   117        SH:  0    Dex: 18    Spells: 2/2 levels left

rFire   + + .        g - melded +0 orcbow
rCold   + + .        (shield currently unavailable)
rNeg    + + +        e - melded +0 ring mail
rPois   inf          (helmet currently unavailable)
rElec   +            (cloak currently unavailable)
rCorr   +            b - melded +0 pair of gloves
SInv    .            (boots currently unavailable)
Will    .....        (amulet currently unavailable)
Stlth   ++           (ring currently unavailable)
HPRegen 0.23/turn    (ring currently unavailable)
MPRegen 0.09/turn

%: no passive effects
@: wisp-form, flying
A: insubstantial, flying, no casting, tiny
a: no special abilities


You were on level 3 of the Dungeon.
You were an insubstantial wisp.
You visited 1 branch of the dungeon, and saw 3 of its levels.

You collected 117 gold pieces.


   Skills:
 - Level 1.5 Fighting
 + Level 7.3 Ranged Weapons
 - Level 2.4 Dodging
 - Level 1.2 Stealth


You had 2 spell levels left.
You didn't know any spells.
Your spell library was empty.

Inventory:

Hand Weapons
 g - a +0 orcbow (melded)
Armour
 b - a +0 pair of gloves (melded)
 e - a +0 ring mail (melded)
Jewellery
 a - a +6 ring of dexterity
Wands
 i - a wand of flame (12)
Scrolls
 f - a scroll of identify
 h - 2 scrolls of teleportation {unknown}
Potions
 c - a potion of heal wounds {unknown}
 d - a potion of enlightenment
 j - a potion of resistance {unknown}

Dungeon Overview and Level Annotations

Branches:
Dungeon (3/15)

Altars:
Trog

Annotations:
D:3 Natasha


Message History

You shoot an arrow. The arrow hits the dart slug!
You kill the dart slug!
You now have 117 gold pieces (gained 9).
Natasha, Servant of Life and Death comes into view.
She is carrying a wand of polymorph.
Found 8 gold pieces.
Natasha hisses angrily.
Enter note:
Enter note: You shoot an arrow.
The arrow closely misses Natasha.
You shoot an arrow.
The arrow hits Natasha but does no damage.
Natasha stares at you and mumbles some strange words.
The magic dart hits you!
Ouch! That really hurt!
You shoot an arrow. The arrow misses Natasha.
You shoot an arrow. The arrow closely misses Natasha.
Natasha claws you.
You shoot an arrow.
The arrow hits Natasha but does no damage.
Natasha mumbles some strange words.
You feel disoriented. Natasha claws you!
You shoot an arrow. The arrow barely misses Natasha.
Natasha closely misses you.
You shoot an arrow.
The arrow hits Natasha but does no damage.
Natasha stares at you and mumbles some strange words.
You resist with some effort.
You shoot an arrow. The arrow closely misses Natasha.
Natasha zaps a wand.
You turn into an insubstantial wisp.
Your +0 orcbow melds into your body.
Your +0 pair of gloves melds into your body.
Your +0 ring mail melds into your body.
1879 ||| FLEEEEING.
Natasha completely misses you.
1880 ||| FLEEEEING.
Natasha attacks as she pursues you! Natasha barely misses you.
Natasha claws you.
You die...
Natasha curls up and begins to purr.

#...........# #
..#.#...........# # ###
#.#.#...........# # ...
#.#.#...........# # ###.#
#.#.###+#....#######
.........................'
......#.#.###...........##
#.....#.....#.#######.##
#...#v###.#.# ####+##
#...h.....#.# #......
#.....###.#.# #......
.....#####...#.####......
###.. #.###.#.......##
...$ #.###.#.#####.# ....
#.......# #.# ....
#########.### #.##
#.........# #...


You could see Natasha.

Vanquished Creatures
  2 adders (D:3)
  2 dart slugs
  2 ribbon worms
  A ball python (D:1)
  An endoplasm (D:1)
  5 goblins
  5 hobgoblins
  6 kobolds
  3 bats
  A frilled lizard (D:3)
  3 rats
31 creatures vanquished.

Notes
Turn   | Place    | Note
-------+----------+-------------------------------------------
     0 | D:1      | qw the Deep Elf Hunter began the quest for the Orb.
     0 | D:1      | Reached XP level 1. HP: 12/12 MP: 3/3
     0 | D:1      | 0 ||| qw: Version: 0.3-a-160-g6735b56
     0 | D:1      | 0 ||| qw: Game counter: 5577
     0 | D:1      | 0 ||| qw: Melee chars always use a shield: true
     0 | D:1      | 0 ||| qw: God list: Okawaru
     0 | D:1      | 0 ||| qw: Allow faded altars: false
     0 | D:1      | 0 ||| qw: Do Orc after clearing Dungeon:15 true
     0 | D:1      | 0 ||| qw: Do second Lair branch before Depths: true
     0 | D:1      | 0 ||| qw: Lair rune preference: random
     0 | D:1      | 0 ||| qw: Goals: Normal
     0 | D:1      | 0 ||| PLANNING D:1-11
   125 | D:1      | Reached XP level 2. HP: 16/16 MP: 4/4
   127 | D:1      | Reached skill level 6 in Ranged Weapons
   535 | D:1      | 535 ||| READING 2 scrolls labelled ZOPLOUZ ECLABI.
   535 | D:1      | 535 ||| IDENTIFYING bubbling grey potion
   536 | D:1      | 536 ||| READING scroll of identify.
   536 | D:1      | 536 ||| IDENTIFYING scroll labelled BEMEISCH ZIOZ
   537 | D:1      | 537 ||| DROPPING scroll of butterflies.
   538 | D:1      | 538 ||| DROPPING potion of degeneration.
   539 | D:1      | 539 ||| DROPPING scroll of revelation.
   598 | D:2      | Found a bloodstained altar of Trog.
   703 | D:2      | 703 ||| SWAPPING to +0 orcbow.
   704 | D:2      | 704 ||| DROPPING +0 shortbow.
   821 | D:2      | Found a faded altar of an unknown god.
  1084 | D:2      | Reached XP level 3. HP: 20/20 MP: 5/5
  1165 | D:2      | 1165 ||| UPGRADING to +0 pair of gloves.
  1170 | D:2      | 1170 ||| UPGRADING to +0 ring mail.
  1180 | D:2      | 1180 ||| DROPPING +0 leather armour.
  1181 | D:2      | 1181 ||| READING scroll labelled SEAREOMICY.
  1282 | D:2      | 1282 ||| DRINKING 2 emerald potions.
  1461 | D:3      | Reached skill level 7 in Ranged Weapons
  1870 | D:3      | Noticed Natasha
  1875 | D:3      | HP: 1/20 [Natasha (7)]
  1879 | D:3      | 1879 ||| FLEEEEING.
  1880 | D:3      | 1880 ||| FLEEEEING.
  1880 | D:3      | Slain by Natasha

Levels and vault maps discovered:
D:1:      minmay_arrival_up_and_down, layout_basic, hex_tiny
D:2:      layout_rooms, basic_altar, hellmonk_ecumenical_altar_inner_sanctum,
          serial_bayou, serial_bayou_pond_a, serial_bayou_lake_a,
          serial_bayou_ford_a, serial_bayou_crossing, minivault_23
D:3:      layout_basic, columned_hall_lemuel, uniq_natasha

Skill      XL: |  1  2  3 |
---------------+----------+-----
Ranged Weapons | 6 7 |  7.3
Fighting       | |  1.5
Dodging        | |  2.4
Stealth        | |  1.2

Action                     || total
---------------------------++-------
   Fire: Shortbow          ||    34
         Orcbow            ||    41
    Use: Scroll            ||     3
         Potion            ||     1
 Armour: Leather armour    ||     3
         Ring mail         ||     7
         Skin              ||     1
  Dodge: Dodged            ||    10

Table legend:
 A = Non-vault XP
 B = Vault XP
 C = Vault XP percentage of total XP
 D = Non-vault monster count
 E = Vault monster count
 F = Vault count percentage of total count
                 A         B        C        D         E       F
            +---------+---------+-------+---------+---------+-------
      Total |      85 |       0 |   0.0 |      31 |       0 |   0.0
            +---------+---------+-------+---------+---------+-------
        D:1 |      23 |       0 |   0.0 |      13 |       0 |   0.0
        D:2 |      18 |       0 |   0.0 |       7 |       0 |   0.0
        D:3 |      44 |       0 |   0.0 |      11 |       0 |   0.0
            +---------+---------+-------+---------+---------+-------
